 Dungeon Crawl Stone Soup version 0.28-a0-410-gbef64dd269 (webtiles) character file.

Game seed: 3985902136702162057

8999 Maimakterion the Nimble (level 11, 0/78 HPs)
             Began as a Vampire Necromancer on Sept 6, 2021.
             Was a High Priest of Okawaru.
             Slain by an ice devil (13 damage)
             ... on level 8 of the Dungeon.
             The game lasted 00:23:21 (9697 turns).

Maimakterion the Nimble (Vampire Necromancer)       Turns: 9697, Time: 00:23:22

Health: 0/78       AC: 38    Str:  8    XL:     11   Next: 17%
Magic:  18/18      EV: 10    Int: 19    God:    Okawaru [*****.]
Gold:   118        SH:  0    Dex: 16    Spells: 8/20 levels left

rFire   . . .      SeeInvis +   m - +1 short sword
rCold   . . .      Faith    .   (no shield)
rNeg    . . .      Spirit   .   D - +27 Lear's hauberk
rPois   +          Reflect  .   (helmet currently unavailable)
rElec   .          Harm     .   y - +1 cloak
rCorr   .          Rampage  .   (gloves currently unavailable)
Will    +....                   (boots currently unavailable)
Stlth   ..........              w - amulet of magic regeneration
HPRegen 0.43/turn               A - +4 ring of evasion
MPRegen 0.41/turn               v - ring of poison resistance

@: about to teleport, healing quickly
A: alive, fangs 3, see invisible, vampiric 2
a: Exsanguinate, Renounce Religion, Heroism, Finesse, Duel


You were on level 8 of the Dungeon.
You worshipped Okawaru.
Okawaru was extremely pleased with you.
You visited 1 branch of the dungeon, and saw 8 of its levels.

You collected 514 gold pieces.
You spent 396 gold pieces at shops.

Inventory:

Hand Weapons
 m - a +1 short sword (weapon)
 r - a +0 rapier
Missiles
 d - 57 poisoned darts
 n - a throwing net
Armour
 y - a +1 cloak (worn)
 z - +0 acid dragon scales
 C - a +2 pair of boots
 D - the +27 Lear's hauberk (worn)
   (Okawaru gifted it to you on level 7 of the Dungeon)
 E - a +2 ring mail of cold resistance
Jewellery
 k - a ring of flight
 v - a ring of poison resistance (right hand)
 w - an amulet of magic regeneration (around neck)
 A - a +4 ring of evasion (left hand)
Wands
 a - a wand of paralysis (4)
 g - a wand of flame (5)
 p - a wand of iceblast (18)
Scrolls
 b - a scroll of magic mapping {unknown}
 c - a scroll of teleportation
 e - 2 scrolls of blinking
 f - 4 scrolls of enchant weapon
 i - 3 scrolls of noise
 l - a scroll of enchant armour
 u - 2 scrolls of immolation {unknown}
 B - a scroll of acquirement {unknown}
Potions
 h - a potion of mutation
 j - a potion of resistance
 o - 4 potions of invisibility
 q - 4 potions of degeneration {unknown}
 s - 6 potions of curing
 t - a potion of ambrosia
 F - a potion of flight


   Skills:
 * Level 4.7 Fighting
 + Level 4.4 Short Blades
 * Level 2.7 Armour
 * Level 12.1 Dodging
 + Level 4.3 Stealth
 - Level 5.0 Spellcasting
 + Level 7.8 Necromancy
 * Level 4.4 Ice Magic
 * Level 2.6 Earth Magic
 * Level 3.7 Invocations
 - Level 4.0 Evocations


You had 8 spell levels left.
You knew the following spells:

 Your Spells              Type           Power      Damage    Failure   Level
a - Pain                  Necr           100%       1d9       58%         1
b - Frozen Ramparts       Ice            42%        1d6       100%        3
c - Vampiric Draining     Necr           17%        2d8       91%         3
e - Borgnjor's Vile Clut  Necr/Erth      12%        N/A       100%        5

Your spell library contained the following spells:

 Spells                   Type           Power      Damage    Failure   Level
 Magic Dart               Conj           16%        1d3       100%        1
 Gell's Gravitas          Tloc           2%         N/A       100%        3
 Lesser Beckoning         Tloc           4%         N/A       100%        3
 Mephitic Cloud           Conj/Pois/Air  4%         N/A       100%        3
 Teleport Other           Tloc           4%         N/A       100%        3
 Ice Form                 Ice/Tmut       13%        N/A       100%        4
 Agony                    Necr           34%        N/A       100%        5
 Dispersal                Tloc           2%         N/A       100%        6
 Disjunction              Tloc           2%         N/A       100%        8
 Animate Skeleton         Necr           Unusable   N/A       N/A         1
 Call Imp                 Summ           Unusable   N/A       N/A         2
 Animate Dead             Necr           Unusable   N/A       N/A         4
 Summon Ice Beast         Ice/Summ       Unusable   N/A       N/A         4
 Death Channel            Necr           Unusable   N/A       N/A         6

Dungeon Overview and Level Annotations

Branches:
Dungeon (8/15)             Temple (0/1) D:6
   Lair: D:8-11

Altars:
Ashenzari
Okawaru
Sif Muna
Trog
Wu Jian

Shops:
D:3 ??:[(


Innate Abilities, Weirdness & Mutations

Your natural rate of healing is accelerated.
You have razor-sharp teeth.
You have supernaturally acute eyesight. (SInv)
You are afflicted with vampirism and can become a bat while bloodless.


Message History

The ice devil is moderately wounded.
The white imp grinds its teeth.
The ice devil hits you! The ice devil freezes you!!
You take 29 damage, and have 33/78 hp.
MASSIVE DAMAGE!!
You are too injured to fight recklessly!
You are too injured to fight recklessly!
You are too injured to fight recklessly!
You are too injured to fight recklessly!
You are too injured to fight recklessly!
You are too injured to fight recklessly!
You are too injured to fight recklessly!
You are too injured to fight recklessly!
You are too injured to fight recklessly!
You are too injured to fight recklessly!
You are too injured to fight recklessly!
You are too injured to fight recklessly!
You are too injured to fight recklessly!
You are too injured to fight recklessly!
You are too injured to fight recklessly!
You are too injured to fight recklessly!
You are too injured to fight recklessly!
You are too injured to fight recklessly!
As you read the scroll labelled ERRONA VOH YXTOF, it crumbles to dust.
You hear a loud clanging noise!
It was a scroll of noise.
Something shouts, "Quit, thou pox-marked sow-suckled baggage!"
You hear a shout!
The ice devil hits you. The ice devil freezes you!
* * * LOW HITPOINT WARNING * * *
You take 16 damage, and have 17/78 hp.
MASSIVE DAMAGE!!
As you read the scroll labelled DOG GOMUETS, it crumbles to dust.
You feel strangely unstable.
It was a scroll of teleportation.
The ice devil hits you but does no damage.
Found a runed ring mail.
You see here 10 gold pieces.
You now have 118 gold pieces (gained 10).
The ice devil hits you.
* * * LOW HITPOINT WARNING * * *
The ice devil freezes you!
You die...

.#... .... ###### ..(
#.4..# ..# .
##4##5####..###..
#@.##..##........
........####.##...45...
.....#### #.4#..#≈≈#
.... #..5..≈# [..
####..'..≈# ..
##.....'..#≈# .
##......'...≈#
#.......#...#≈≈ o#
#.......#.......


You could see 2 ice devils.

Vanquished Creatures
  2 two-headed ogres
  Joseph (D:7)
  A hornet (D:5)
  A shadow (D:5)
  Edmund (D:5)
  An acid dragon (D:5)
  A water moccasin (D:7)
  A sky beast (D:5)
  An ice beast (D:5)
  An orc warrior (D:4)
  A hornet zombie (D:7)
  2 ogres
  A centaur (D:5)
  A phantom (D:7)
  A kobold brigand (D:7)
  3 bullfrogs (D:6)
  4 scorpions
  12 killer bees (D:7)
  A howler monkey (D:5)
  3 centaur zombies
  3 bullfrog zombies
  6 orc priests
  A centaur skeleton (D:5)
  3 jellies
  6 hounds
  A bullfrog skeleton (D:6)
  A gnoll shaman (D:5)
  2 iguanas
  Terence (D:2)
  A scorpion zombie (D:5)
  5 orc wizards
  A hound zombie (D:5)
  A hound skeleton (D:5)
  A howler monkey zombie (D:8)
  A howler monkey skeleton (D:6)
  8 gnolls
  5 adders
  4 ufetubi
  2 adder skeletons (D:4)
  3 worms
  2 dart slugs
  24 orcs
  4 ball pythons
  6 endoplasms
  2 giant cockroaches
  11 goblins
  9 hobgoblins
  7 jackals (D:2)
  4 quokkas
  4 bats
  3 frilled lizards
  9 kobolds
  5 rats
186 creatures vanquished.

Vanquished Creatures (others)
  A wizard (D:4)
1 creature vanquished.

Grand Total: 187 creatures vanquished

Notes
Turn   | Place    | Note
-------+----------+-------------------------------------------
     0 | D:1      | Maimakterion the Vampire Necromancer began the quest for
                  | the Orb.
     0 | D:1      | Reached XP level 1. HP: 13/13 MP: 3/3
   234 | D:1      | Reached XP level 2. HP: 19/19 MP: 3/5
   236 | D:1      | Learned a level 1 spell: Animate Skeleton
   906 | D:2      | Gained mutation: You are afflicted with vampirism and can
                  | become a bat while bloodless. [Vampire growth]
   906 | D:2      | Reached XP level 3. HP: 23/25 MP: 2/6
   912 | D:2      | Learned a level 3 spell: Vampiric Draining
  1029 | D:2      | Reached skill level 5 in Necromancy
  1637 | D:2      | Reached XP level 4. HP: 31/31 MP: 6/8
  1642 | D:2      | Learned a level 4 spell: Animate Dead
  1711 | D:2      | Noticed Terence
  1724 | D:2      | Killed Terence
  1725 | D:2      | Reached skill level 1 in Fighting
  1804 | D:2      | Found a broken altar of Ashenzari.
  2038 | D:2      | Reached XP level 5. HP: 34/37 MP: 0/10
  2411 | D:3      | Found Qoydean's Armour Boutique.
  2592 | D:3      | Found Bizifife's Antique Weapon Shop.
  2705 | D:3      | Found Zatudaude's Book Shop.
  2790 | D:3      | Found Babataom's Magic Scroll Shoppe.
  2798 | D:3      | Reached skill level 3 in Dodging
  2890 | D:3      | Reached skill level 1 in Short Blades
  2906 | D:3      | Reached XP level 6. HP: 20/43 MP: 0/12
  2978 | D:3      | Learned a level 3 spell: Frozen Ramparts
  3168 | D:3      | Found a faded altar of an unknown god.
  3200 | D:3      | Became a worshipper of Warmaster Okawaru
  3200 | D:3      | Reached * piety under Okawaru
  3475 | D:3      | Found Cyriakuz's Magic Scroll Emporium.
  4077 | D:4      | Noticed an orc warrior
  4092 | D:4      | Killed an orc warrior
  4243 | D:4      | Reached skill level 1 in Evocations
  4384 | D:4      | Reached skill level 1 in Ice Magic
  4384 | D:4      | Reached XP level 7. HP: 40/50 MP: 6/13
  4639 | D:4      | Found a bloodstained altar of Trog.
  4641 | D:4      | Noticed a wizard
  4645 | D:4      | Killed a wizard
  4764 | D:5      | Entered Level 5 of the Dungeon
  4862 | D:5      | Noticed Edmund
  4884 | D:5      | Killed Edmund
  4884 | D:5      | Reached ** piety under Okawaru
  4885 | D:5      | Reached skill level 1 in Invocations
  5239 | D:5      | Reached skill level 4 in Dodging
  5305 | D:5      | Reached skill level 5 in Spellcasting
  5311 | D:5      | Found an ornate altar of the Wu Jian Council.
  5332 | D:5      | Found an iron altar of Okawaru.
  5556 | D:5      | Reached XP level 8. HP: 37/57 MP: 8/15
  5895 | D:5      | Noticed a hornet
  5902 | D:5      | Killed a hornet
  5902 | D:5      | Reached *** piety under Okawaru
  6144 | D:5      | Reached XP level 9. HP: 55/65 MP: 4/16
  6159 | D:5      | Reached skill level 5 in Dodging
  6282 | D:5      | Found a broken altar of Ashenzari.
  6438 | D:3      | Bought a book of Unlife for 396 gold pieces
  6445 | D:3      | Learned a level 5 spell: Borgnjor's Vile Clutch
  6537 | D:6      | Noticed a two-headed ogre
  6734 | D:6      | Reached skill level 1 in Armour
  6813 | D:6      | Reached **** piety under Okawaru
  6959 | D:6      | Killed a two-headed ogre
  6959 | D:6      | Reached ***** piety under Okawaru
  6960 | D:6      | Reached skill level 1 in Earth Magic
  7185 | D:6      | Found a staircase to the Ecumenical Temple.
  7616 | D:7      | Reached skill level 6 in Dodging
  7623 | D:7      | Noticed Joseph
  7662 | D:7      | Killed Joseph
  7765 | D:7      | Found a shimmering blue altar of Sif Muna.
  7961 | D:7      | Reached skill level 12 in Dodging
  7961 | D:7      | Reached XP level 10. HP: 73/73 MP: 17/17
  8382 | D:7      | Reached XP level 11. HP: 70/78 MP: 18/18
  8682 | D:7      | Received a gift from Okawaru
  8683 | D:7      | Found the +27 Lear's hauberk
  9031 | D:8      | Noticed a two-headed ogre
  9079 | D:7      | Killed a two-headed ogre
  9697 | D:8      | Slain by an ice devil

Illustrated notes

Levels and vault maps discovered:
D:1:      lightli_arrival_flooded_house, layout_basic, nrook_campfire,
          nrook_loot_triangle, minmay_tiny_reverse_x
D:2:      layout_loops_cross, basic_altar, uniq_terence
D:3:      layout_loops_corners, serial_shops, shop, shop,
          nicolae_shop_waterfront, shop_statue, nicolae_shop_statue_plus,
          basic_ecumenical_altar
D:4:      layout_loops_ring, trog_wizard, guppyfry_early_orc_mine
D:5:      kennysheep_windowed_halls, layout_gridville, old_standard_altar,
          mainiacjoe_overflow_chevrons, amcnicky_altar_gilded,
          grunt_ministairs_10, minmay_a_box_with_orc_wizards_in_it, uniq_edmund
D:6:      minmay_evil_eye, layout_basic, minmay_temple_entry_grid
D:7:      layout_basic, mainiacjoe_overflow_24_doors, sigmund_army, uniq_joseph
D:8:      layout_rooms, grunt_qazlal_sundering, mainiacjoe_overflow_boulevard,
          elyvilon_altar_1, lair_entry_dummy, chequers_jeans,
          hellmonk_guarded_unrand_frostbite

Skill      XL: |  1  2  3  4  5  6  7  8  9 10 11 |
---------------+----------------------------------+-----
Necromancy     | 5 6 7 |  7.8
Spellcasting   | 3 4 5 |  5.0
Fighting       | 1 2 3 4 |  4.7
Dodging        | 3 4 12 | 12.1
Short Blades   | 1 2 4 |  4.4
Evocations     | 1 2 3 4 |  4.0
Ice Magic      | 1 2 3 4 |  4.4
Invocations    | 1 2 3 |  3.7
Stealth        | 4 |  4.3
Armour         | 2 |  2.7
Earth Magic    | 2 |  2.6

Action                   |  1- 3 |  4- 6 |  7- 9 | 10-12 || total
-------------------------+-------+-------+-------+-------++-------
Melee: Spear             |     7 |     5 |       |       ||    12
       Short sword       |       |   115 |   280 |   289 ||   684
       Bite              |       |    18 |    43 |    42 ||   103
       Staff             |       |    45 |    95 |       ||   140
       Punch             |       |       |     1 |     1 ||     2
Throw: Dart              |    25 |     7 |       |       ||    32
 Cast: Pain              |    64 |    16 |     9 |       ||    89
       Vampiric Draining |     1 |    29 |    62 |     8 ||   100
       Frozen Ramparts   |       |     1 |     4 |     3 ||     8
       Borgnjor's Vile C |       |       |     2 |       ||     2
Invok: Heroism           |       |       |     1 |     1 ||     2
       Finesse           |       |       |       |     1 ||     1
Evoke: Wand              |       |       |     2 |       ||     2
  Use: Scroll            |       |     4 |     6 |     4 ||    14
       Potion            |       |       |     3 |     2 ||     5
 Stab: Sleeping          |       |     7 |     6 |       ||    13
Armor: Robe              |       |    25 |    20 |       ||    45
       Leather armour    |       |       |   114 |       ||   114
       Ring mail         |       |       |     1 |    33 ||    34
       Chain mail        |       |       |       |   125 ||   125
Dodge: Dodged            |     1 |   128 |   371 |   228 ||   728

Table legend: (Time is in decaauts)
 A = Elapsed time spent in this place.
 B = Non-inter-level travel time spent in this place.
 C = Inter-level travel time spent in this place.
 D = Time resting spent in this place.
 E = Time spent auto-exploring this place.
 F = Levels seen in this place.
 G = Mean time per level.
                   A        B        C        D        E       F      G
               +--------+--------+--------+--------+--------+-----+--------+
         Total |   9662 |   9265 |    397 |   1697 |   5411 |   8 | 1207.8 |
       Dungeon |   9662 |   9265 |    397 |   1697 |   5411 |   8 | 1207.8 |
               +--------+--------+--------+--------+--------+-----+--------+

Top non-repeatable levels by time:
     D:7: 2011 daAuts
     D:5: 1652 daAuts
     D:2: 1324 daAuts
     D:4: 1309 daAuts
     D:3: 1266 daAuts
     D:1: 1021 daAuts
     D:6: 935 daAuts
     D:8: 140 daAuts
